 Dungeon Crawl Stone Soup version 0.19.5 (webtiles) character file.

455 tyranidshit the Skirmisher (level 6, -2/56 HPs)
             Began as a Demonspawn Abyssal Knight on Mar 15, 2017.
             Was a Priest of Lugonu.
             Slain by an orc warrior
             ... wielding a +0 long sword
              (10 damage)
             ... on level 4 of the Dungeon.
             The game lasted 00:09:03 (2477 turns).

tyranidshit the Skirmisher (DsAK)                   Turns: 2477, Time: 00:09:03

Health: -2/56      AC: 13    Str: 14    XL:     6   Next: 76%
Magic:  2/7        EV:  4    Int: 14    God:    Lugonu [***...]
Gold:   206        SH:  0    Dex: 10    Spells: 0 memorised, 5 levels left

rFire  . . .     SeeInvis .     a - +2 hand axe
rCold  + + .     Gourm    .     i - +0 plate armour
rNeg   . . .     Faith    .     (no shield)
rPois  .         Spirit   .     (helmet restricted)
rElec  .         Reflect  .     n - +1 cloak
rCorr  +         Harm     .     d - +0 pair of gloves of Morality {rC++ MR+ Dex-4}
MR     +....                    (no boots)
Stlth  ..........               (no amulet)
                                (no ring)
                                j - ring of resist corrosion

@: no status effects
A: horns 1, agile 1, demonic guardian 1, evolution 1, MP-powered wands
a: Depart the Abyss, Bend Space, Banish, Renounce Religion


You were on level 4 of the Dungeon.
You worshipped Lugonu.
Lugonu was most pleased with you.
You were not hungry.

You visited 1 branch of the dungeon, and saw 4 of its levels.
You visited the Abyss 1 time.

You collected 206 gold pieces.

Inventory:

Hand Weapons
 a - a +2 hand axe (weapon)
 e - a +0 club
Armour
 b - a +0 leather armour
 d - the +0 pair of gloves of Morality (worn) {rC++ MR+ Dex-4}
   (You found it on level 2 of the Abyss)

   It affects your dexterity (-4).
   It greatly protects you from cold.
   It affects your resistance to hostile enchantments.
 g - a +0 pair of gloves
 i - a +0 plate armour (worn)
 n - a +1 cloak (worn)
Jewellery
 j - a ring of resist corrosion (left hand)
 p - an uncursed ring of ice
Wands
 f - a wand of paralysis (11/24)
Scrolls
 h - a scroll of identify
 k - 2 scrolls of enchant weapon
 l - 2 scrolls of remove curse
Potions
 m - a potion of mutation
 r - a potion of haste
 t - a potion of might
Comestibles
 c - 3 bread rations
 o - a slice of pizza
 q - 2 meat rations
 u - a beef jerky


   Skills:
 + Level 7.7 Fighting
 - Level 1.7 Axes
 - Level 1.7 Armour
 - Level 0.8 Dodging
 - Level 2.4 Invocations


You had 5 spell levels left.
You didn't know any spells.

Dungeon Overview and Level Annotations

Branches:
Dungeon (4/15)
 Temple: D:4-7

Altars:
Cheibriados
Gozag
Sif Muna
Xom
Yredelemnul


Innate Abilities, Weirdness & Mutations

A weak demonic guardian rushes to your aid.
You have a pair of small horns on your head.
You are agile. (Dex +2)
You evolve.
You expend magic power (3 MP) to strengthen your wands.


Message History

The helpless orc warrior fails to defend itself.
You hit the orc warrior.
The orc shouts!
You headbutt the orc warrior, but do no damage.
The orc warrior is almost dead.
The orc moves out of view.
The helpless orc warrior fails to defend itself.
You hit the orc warrior.
The orc warrior is almost dead.
The orc warrior is no longer paralysed.
The orc warrior hits you with a long sword!
* * * LOW HITPOINT WARNING * * *
Evoke which item? (* to show all) (? for menu, Esc to quit)
Zapping:
f - a wand of paralysis (12/24)
Press: ? - help, Shift-Dir - straight line, f/p - orc warrior
Aim: an orc warrior, wielding a long sword and wearing a chain mail (almost dead, chance to defeat MR: 50%)
The orc warrior resists with some effort.
This wand has 11 charges left.
The orc warrior hits you with a long sword!
You die... #.# #. #.< #.##### (## #.# #...... .8 #.# ######...## ..#.## ..###.#... o#$.# #.##...### oo.

.####.#....... #o#
.#........##.# ## #@#
.#.##.#..##.## ####.#
#5##.#.##.##.#.###
#.)...##(#............#
#
.........#.######.....#
# ######)......#
#.....# #
.......†##.##.# #)....#
# #######.##..#.#
#.....# # #.###.#.#
####### #.###.#.###


You could see an orc warrior, 3 orcs and a friendly iron imp.

Vanquished Creatures
  Menkaure (D:4)
  An orc priest (D:4)
  4 orc wizards
  2 worker ants (D:4)
  2 adders
  2 oozes (D:4)
  6 worms
  3 dart slugs
  4 leopard geckos
  7 orcs
  A ball python (D:1)
  6 giant cockroaches
  8 hobgoblins
  12 jackals
  2 quokkas
  5 bats
  4 frilled lizards
  7 goblins
  7 kobolds
  7 rats
  A spectral orc (D:2)
92 creatures vanquished.

Notes
Turn   | Place    | Note
-------+----------+-------------------------------------------
     0 | Abyss:1  | tyranidshit the Demonspawn Abyssal Knight began the quest for the Orb.
     0 | Abyss:1  | Reached XP level 1. HP: 18/18 MP: 2/2
    57 | Abyss:2  | Got a pair of translucent gloves
    63 | Abyss:2  | Identified the +0 pair of gloves of Morality {rC++ MR+ Dex-4} (You found it on level 2 of the Abyss)
   117 | Abyss:2  | Noticed a raiju
   118 | Abyss:2  | Noticed a raiju
   127 | Abyss:2  | Noticed an eidolon
   128 | D:1      | Escaped the Abyss
   287 | D:1      | Reached * piety under Lugonu
   292 | D:1      | Gained mutation: A weak demonic guardian rushes to your aid. [demonic ancestry]
   292 | D:1      | Reached XP level 2. HP: 24/24 MP: 3/3
   366 | D:1      | Reached skill level 4 in Fighting
   599 | D:2      | Reached XP level 3. HP: 26/30 MP: 4/4
   630 | D:2      | Reached ** piety under Lugonu
   693 | D:2      | Found an opulent altar of Gozag.
   736 | D:2      | Found a faded altar of an unknown god.
   763 | D:2      | Gained mutation: You have a pair of small horns on your head. [potion of mutation]
   763 | D:2      | Gained mutation: You evolve. [potion of mutation]
   763 | D:2      | Gained mutation: You expend magic power (3 MP) to strengthen your wands. [potion of mutation]
   780 | D:2      | Found a deep blue altar of Sif Muna.
   871 | D:2      | Found a shimmering altar of Xom.
   901 | D:2      | Found a snail-covered altar of Cheibriados.
  1017 | D:2      | Reached skill level 5 in Fighting
  1017 | D:2      | Reached XP level 4. HP: 24/39 MP: 5/5
  1063 | D:2      | Gained mutation: You are agile. (Dex +2) [potion of beneficial mutation]
  1116 | D:2      | Found a basalt altar of Yredelemnul.
  1531 | D:3      | Reached XP level 5. HP: 32/46 MP: 6/6
  1541 | D:3      | Reached skill level 6 in Fighting
  1596 | D:3      | You fall through a shaft!
  2134 | D:4      | Reached *** piety under Lugonu
  2308 | D:4      | Noticed Menkaure
  2322 | D:4      | Killed Menkaure
  2322 | D:4      | Reached skill level 7 in Fighting
  2322 | D:4      | Reached XP level 6. HP: 33/55 MP: 4/7
  2462 | D:4      | Noticed an orc warrior
  2477 | D:4      | Slain by an orc warrior

Skill      XL: |  1  2  3  4  5 |
---------------+----------------+-----
Fighting       | 4 5 7 |  7.7
Axes           | |  1.7
Armour         | |  1.7
Dodging        | |  0.8
Invocations    | |  2.4

Action                   |  1- 3 |  4- 6 || total
-------------------------+-------+-------++-------
Melee: Hand axe          |   125 |   211 ||   336
       Headbutt          |     2 |    33 ||    35
Invok: Depart the Abyss  |     1 |       ||     1
Evoke: Wand              |       |     3 ||     3
  Use: Potion            |     6 |     3 ||     9
       Scroll            |     9 |     4 ||    13
 Stab: Paralysed         |       |    16 ||    16
  Eat: Bread ration      |       |     2 ||     2
Armor: Plate armour      |   124 |   169 ||   293
Dodge: Dodged            |    24 |    43 ||    67
